 Dungeon Crawl Stone Soup version 0.31-a0-1576-ga3383bade6 (webtiles) character file.

Game seed: 17377498254639440282

118656 Flugslaktarn the Eclecticist (level 16, 84/108 HPs)
             Began as an Octopode Alchemist on Jan 4, 2024.
             Was an Elder of Ashenzari.
             Quit the game on level 3 of the Elven Halls on Jan 5, 2024.
             The game lasted 01:39:26 (13166 turns).

Flugslaktarn the Eclecticist (Octopode Alchemist)  Turns: 13166, Time: 01:39:27

Health: 84/108     AC:  7    Str:  4    XL:     16   Next: 50%
Magic:  39/39      EV: 30    Int: 33    God:    Ashenzari [****..]
Gold:   926        SH:  0    Dex: 13    Spells: 11/54 levels left

rFire   . . .        (weapon currently unavailable)
rCold   + . .        (shield currently unavailable)
rNeg    + + .        R - +2 hat "Shackled Restlessness" {Int+3, Self, Dev} (curse)
rPois   +            U - amulet "Restrained Apathy" {RegenMP, Sorc, Dev} (curse)
rElec   .            v - ring "I Foresaw This" {EV+5, Elem, Dev} (curse)
rCorr   +            j - ring of the Perceptive Sky {rN+, Dev, Fort} (curse)
SInv    +            b - ring "Free Will of Ashenzari" {rN+, Dev, Bglg} (curse)
Will    +....        Z - ring of the Bound Moon {Fly, Self, Elem} (curse)
Stlth   ++           J - ring "Ucofur" {rPois EV+5 Str-3 Int+7 SInv}
HPRegen 0.38/turn    k - ring "Sidereal Sophism" {rCorr, Dev, Cun} (curse)
MPRegen 0.66/turn    p - +4 ring of protection
                     c - ring of protection from cold

%: clarity
@: flux-form, flying, glowing, studying Axes
A: glow, contaminating, almost no armour, amphibious, 8 rings, camouflage 1,
gelatinous body 1, (nimble swimmer 1), tentacles, weak 1
a: Begin Untransformation, Renounce Religion, Shatter the Chains


You were on level 3 of the Elven Halls.
You worshipped Ashenzari.
Ashenzari was greatly pleased with you.
You were something dangerously unstable.
You visited 5 branches of the dungeon, and saw 22 of its levels.
You also visited: Sewer and Bailey.

You collected 1812 gold pieces.
You spent 886 gold pieces at shops.

Inventory:

Hand Weapons
 W - a +2 rapier of distortion
   (You found it on level 5 of the Lair of Beasts)
Missiles
 r - 6 throwing nets
 G - 2 curare-tipped darts
Armour
 R - the cursed +2 hat "Shackled Restlessness" (worn) {Int+3, Self, Dev}
   (You found it on level 9 of the Dungeon)

   It has a curse which improves the following skills: Introspection: Fighting
   and Spellcasting.
   Devices:   Evocations and Shapeshifting.
Magical Staves
 s - a staff of cold
   (You found it on level 6 of the Dungeon)
 F - a staff of fire
   (You found it on level 3 of the Elven Halls)
Jewellery
 b - the cursed ring "Free Will of Ashenzari" (on tentacle) {rN+, Dev, Bglg}
   (You found it on level 3 of the Dungeon)

   [ring of positive energy]

   rN+:       It protects you from negative energy.
   It has a curse which improves the following skills: Devices: Evocations and
   Shapeshifting.
   Beguiling: Hexes and Translocations.
 c - a ring of protection from cold (on tentacle)
   (You took it off a deep elf demonologist on level 3 of the Elven Halls)
 f - a ring of protection from fire
   (You took it off a deep elf elementalist on level 3 of the Elven Halls)
 j - the cursed ring of the Perceptive Sky (right tentacle) {rN+, Dev, Fort}
   (You found it on level 3 of the Dungeon)

   [ring of positive energy]

   rN+:       It protects you from negative energy.
   It has a curse which improves the following skills: Devices: Evocations and
   Shapeshifting.
   Fortitude: Shields.
 k - the cursed ring "Sidereal Sophism" (on tentacle) {rCorr, Dev, Cun}
   (You found it on level 3 of the Lair of Beasts)

   [ring of resist corrosion]

   rCorr:     It protects you from acid and corrosion.
   It has a curse which improves the following skills: Devices: Evocations and
   Shapeshifting.
   Cunning:   Dodging and Stealth.
 m - a ring of willpower
   (You found it on level 5 of the Lair of Beasts)
 p - a +4 ring of protection (on tentacle)
   (You took it off a deep elf blademaster on level 3 of the Elven Halls)
 v - the cursed ring "I Foresaw This" (left tentacle) {EV+5, Elem, Dev}
   (You found it on level 2 of the Dungeon)

   [ring of evasion]

   EV+5:      It affects your evasion (+5).
   It has a curse which improves the following skills: Elements: Fire Magic, Ice
   Magic, Air Magic and Earth Magic.
   Devices:   Evocations and Shapeshifting.
 D - the ring of Parocwaph {+Blink rPois rC+ Will++ Str-4}
   (You found it on level 3 of the Elven Halls)

   [ring of protection from cold]

   Str-4:     It affects your strength (-4).
   rC+:       It protects you from cold.
   rPois:     It protects you from poison Will++: It greatly increases your
   willpower.
   +Blink:    It lets you blink.
 J - the ring "Ucofur" (on tentacle) {rPois EV+5 Str-3 Int+7 SInv}
   (You found it on level 3 of the Elven Halls)

   [ring of evasion]

   EV+5:      It affects your evasion (+5).
   Str-3:     It affects your strength (-3).
   Int+7:     It affects your intelligence (+7).
   rPois:     It protects you from poison SInv: It lets you see invisible.
 N - the ring of Ephemeral Luck {Fly rPois rF++ Str-3 Stlth+}
   (You found it on level 3 of the Elven Halls)

   [ring of flight]

   Str-3:     It affects your strength (-3).
   rF++:      It greatly protects you from fire.
   rPois:     It protects you from poison Fly: It grants you flight.
   Stlth+:    It makes you more stealthy.
 U - the cursed amulet "Restrained Apathy" (around mantle) {RegenMP, Sorc, Dev}
   (You took it off a spriggan on level 5 of the Lair of Beasts)

   [amulet of magic regeneration]

   RegenMP:   It increases your rate of magic regeneration.
   It has a curse which improves the following skills: Sorcery: Conjurations and
   Alchemy.
   Devices:   Evocations and Shapeshifting.
 Z - the cursed ring of the Bound Moon (on tentacle) {Fly, Self, Elem}
   (You took it off Erica on level 1 of the Orcish Mines)

   [ring of flight]

   Fly:       It grants you flight.
   It has a curse which improves the following skills: Introspection: Fighting
   and Spellcasting.
   Elements:  Fire Magic, Ice Magic, Air Magic and Earth Magic.
Talismans
 E - a maw talisman
   (You found it on level 2 of the Dungeon)
 I - a flux talisman (active)
   (You found it on level 7 of the Dungeon)
Wands
 g - a wand of digging (4)
   (You found it on level 3 of the Elven Halls)
 i - a wand of paralysis (13)
   (You found it on level 3 of the Elven Halls)
 x - a wand of polymorph (25)
   (You found it on level 6 of the Dungeon)
 A - a wand of mindburst (30)
   (You found it on level 5 of the Dungeon)
 C - a wand of light (11)
   (You found it on level 6 of the Dungeon)
Scrolls
 e - 2 scrolls of immolation
 l - 7 scrolls of enchant weapon
 o - 4 scrolls of poison
 t - 4 scrolls of teleportation
 u - a scroll of torment
 z - a scroll of blinking
 H - 3 scrolls of enchant armour
 K - 3 scrolls of amnesia
 L - a scroll of fear
 P - 2 scrolls of silence
 Q - a scroll of acquirement
 S - 3 scrolls of fog
 T - a scroll of vulnerability
 V - 2 scrolls of brand weapon
Potions
 a - 2 potions of magic
 d - 4 potions of might
 h - 3 potions of haste
 n - 3 potions of resistance
 q - 4 potions of curing
 w - 2 potions of heal wounds
 y - 4 potions of mutation
 B - 8 potions of lignification
 M - 2 potions of invisibility
 O - 4 potions of brilliance
 X - 5 potions of enlightenment
 Y - a potion of attraction


   Skills:
 - Level 7.0(9.7) Fighting
 - Level 5.5(7.3) Dodging
 - Level 2.6(4.2) Stealth
 - Level 17.1(19.6) Spellcasting
 - Level 6.0(7.8) Conjurations
 + Level 11.6 Summonings
 - Level 11.0 Necromancy
 - Level 1.8(3.2) Translocations
 - Level 3.5(5.9) Fire Magic
 - Level 3.1(5.4) Ice Magic
 - Level 4.0(6.4) Earth Magic
 - Level 8.2(10.1) Alchemy
 - Level 3.8(8.8) Evocations
 - Level 6.7(12.3) Shapeshifting


You had 11 spell levels left.
You knew the following spells:

 Your Spells              Type           Power      Damage    Failure   Level
a - Sting                 Conj/Alch      100%       1d9       1%          1
b - Olgreb's Toxic Radia  Alch           78%        N/A       1%          4
c - Sticky Flame          Fire/Alch      71%        2d11      1%          4
d - Death Channel         Necr           40%        N/A       1%          6
e - Ignite Poison         Fire/Alch      71%        N/A       1%          4
f - Summon Forest         Summ/Tloc      34%        N/A       1%          5
g - Borgnjor's Vile Clut  Necr/Erth      37%        N/A       1%          5
h - Ozocubu's Armour      Ice            62%        N/A       1%          3
i - Irradiate             Conj/Alch      37%        3d24      1%          5
j - Summon Cactus Giant   Summ           41%        N/A       1%          6

Your spell library contained the following spells:

 Spells                   Type           Power      Damage    Failure   Level
 Summon Small Mammal      Summ           100%       N/A       0%          1
 Magic Dart               Conj           100%       1d8       1%          1
 Cigotuvi's Dreadful Rot  Necr/Alch/Air  100%       N/A       1%          2
 Lesser Beckoning         Tloc           100%       N/A       1%          2
 Mercury Vapours          Alch/Air       100%       N/A       1%          2
 Searing Ray              Conj           100%       2d8       1%          2
 Sublimation of Blood     Necr           81%        N/A       1%          2
 Fugue of the Fallen      Necr           81%        N/A       1%          3
 Gell's Gravitas          Tloc           52%        N/A       1%          3
 Hailstorm                Conj/Ice       66%        3d12      1%          3
 Mephitic Cloud           Conj/Alch/Air  64%        N/A       1%          3
 Teleport Other           Tloc           52%        N/A       1%          3
 Animate Dead             Necr           81%        N/A       1%          4
 Brom's Barrelling Bould  Conj/Erth      68%        2d8       1%          4
 Fulminant Prism          Conj/Alch      37%        3d18      1%          4
 Leda's Liquefaction      Alch/Erth      36%        N/A       1%          4
 Petrify                  Alch/Erth      72%        N/A       1%          4
 Summon Blazeheart Golem  Fire/Summ      74%        N/A       1%          4
 Lee's Rapid Deconstruct  Erth           33%        3d17*     1%          5
 Manifold Assault         Tloc           52%        N/A       2%          4
 Summon Mana Viper        Hex/Summ       64%        N/A       2%          5
 Freezing Cloud           Conj/Ice/Air   29%        6-21      4%          5
 Bombard                  Conj/Erth      34%        9d6       9%          6
 Spellforged Servitor     Conj/Summ      38%        N/A       17%         7
 Orb of Destruction       Conj           35%        9d10      34%         7
 Dispersal                Tloc           26%        N/A       41%         6
 Ozocubu's Refrigeration  Ice            31%        4d14      67%         7
 Discord                  Hex            16%        N/A       100%        8
 Chain Lightning          Conj/Air       28%        3d37      100%        9
 Dragon's Call            Summ           41%        N/A       100%        9


Dungeon Overview and Level Annotations

Branches:
Dungeon (11/15)            Temple (1/1) D:6            Lair (5/5) D:10
 Shoals (0/4) Lair:2        Slime (0/5) Lair:4          Orc (2/2) D:10
    Elf (3/3) Orc:2         Sewer (visited)          Bailey (visited)
  Snake: Lair:2-3    Spider: Lair:2-3

Altars:
Ashenzari
Dithmenos
Elyvilon
Fedhas
Gozag
Hepliaklqana
Kikubaaqudgha
Makhleb
Nemelex Xobeh
Okawaru
Qazlal
Ru
Sif Muna
Trog
Uskayaw
Vehumet
Wu Jian
Xom
Yredelemnul
Zin
The Shining One
Jiyva
Lugonu

Shops:
D:7 *   D:9 ?*(   Orc:1 *   Orc:2 *?:![   Elf:3 *?*!

Portals:
Abyss: Lair:5
Pandemonium: Orc:2

Annotations:
D:9 Joseph
Lair:1 2 transporters, Weusopre's ghost, novice DrCj
Elf:2 3 runed translucent doors


Innate Abilities, Weirdness & Mutations

You are something dangerously unstable.
You glow with magical radiation, making you easy to see and hit.
Foes you strike become dangerously contaminated with magical radiation.
You are incapable of wielding weapons or throwing items.
You cannot wear most types of armour.
You are amphibious.
You can wear up to eight rings at the same time.
Your skin changes colour to match your surroundings (Stealth+).
Your rubbery body absorbs attacks. (AC +1, EV +1)
((You are camouflaged when in or above water. (Stealth+)))
You have tentacles for arms and can constrict up to eight enemies at once.
You are weak. (Str -2)


Message History

Can't find anything matching that.
As you read the scroll of revelation, it crumbles to dust.
You feel aware of your surroundings.
Space becomes stable.
There is an open door here.
There is a stone staircase leading up here.
There is an open door here.
There is an open door here.
A deep elf archer comes into view. It is wielding a +0 short sword.
The deep elf archer shouts!
A +2 antimagic glaive comes into view.
The deep elf archer unwields a +0 short sword.
The deep elf archer wields a +0 longbow.
The deep elf archer shoots an arrow.
The arrow hits you!
Casting: Summon Forest (dangerous; 1% risk of failure)
Confirm with . or Enter, or press ? or * to list all spells.
A forested plane collides here with a resounding crunch!
Your dryad calls out to the forest.
The forest starts to sway and rumble!
The +2 antimagic glaive barely misses you.
The +2 antimagic glaive hits you from afar!!
You feel your power leaking away.
Unknown command.
The deep elf archer is hit by a branch!
The deep elf archer shoots an arrow.
The arrow completely misses you.
Your dryad calls out to the forest.
Vines fly forth from the trees!
Unknown command.
Your snaplasher vine closely misses the +2 antimagic glaive.
Your snaplasher vine hits the +2 antimagic glaive.
Unknown command.
Trunks creak and shift.
A root smacks the +2 antimagic glaive from below!
The +2 antimagic glaive hits your snaplasher vine!!
Your snaplasher vine is destroyed!
Your dryad barely misses the +2 antimagic glaive.
You hear a shout!
There is an open door here.
Unknown command.
A root smacks the +2 antimagic glaive from below!
You feel a bit more experienced.
The +2 antimagic glaive barely misses your dryad.
Your dryad misses the +2 antimagic glaive.
The +2 antimagic glaive hits your dryad!!
Your dryad's magic leaks into the air.
Trunks creak and shift.
The +2 antimagic glaive is hit by a branch!
The +2 antimagic glaive falls from the air.
The trees move their gnarly branches around.
The trees move their gnarly branches around.
There is an open door here.
Something completely misses your dryad.
You feel a bit more experienced.
There is a stone staircase leading up here.
There is an open door here.
Space becomes stable.
A deep elf zephyrmancer comes into view.
It is wielding a +0 long sword.
The deep elf zephyrmancer shouts!
The deep elf zephyrmancer moves out of view.
The deep elf zephyrmancer casts a spell at you.
The bolt of lightning misses you.
There is an open door here.
You tentacle-slap the deep elf zephyrmancer.
The deep elf zephyrmancer begins to glow.
You grab the deep elf zephyrmancer. You squeeze the deep elf zephyrmancer.
The deep elf zephyrmancer is lightly wounded.
You constrict the deep elf zephyrmancer, but do no damage.
The deep elf zephyrmancer completely misses you.
You tentacle-slap the deep elf zephyrmancer but do no damage.
The deep elf zephyrmancer glows dangerously bright.
You squeeze the deep elf zephyrmancer.
The deep elf zephyrmancer is moderately wounded.
You constrict the deep elf zephyrmancer, but do no damage.
The deep elf zephyrmancer misses you.
You tentacle-slap the deep elf zephyrmancer.
The deep elf zephyrmancer shudders as magic cascades through it!!
The deep elf zephyrmancer twists and deforms.
The deep elf zephyrmancer is almost dead.
You constrict the deep elf zephyrmancer.
The deep elf zephyrmancer casts a spell at you.
The bolt of lightning misses you.
You tentacle-slap the deep elf zephyrmancer.
The deep elf zephyrmancer begins to glow.
You squeeze the deep elf zephyrmancer.
You kill the deep elf zephyrmancer!
Things that are here:
a +0 long sword; an elf corpse
Found a wand of digging (4).
Found a potion of mutation.
g - a wand of digging (4);
S - 3 scrolls of fog
y - 4 potions of mutation (gained 1)
There is an open door here.
Unknown command.
You reach down and open the door.
There is an open door here.
You reach down and open the door.
Search for what [Enter for "gem", or ? for help]? gem Can't find anything matching that.
Unknown command.
Are you sure you want to abandon this character and quit the game? (Confirm with "yes".)

#####..).##........∩..#..∩..
#################...#........)...
|/..#### ##..#....#...#...
)...)..### ##.##.....∩.....
..:...).(## ##...##.........#
####......# ##.....##.......##
...###[.).## #.......##)....##*
.....##%|?.#####........###.###.#
......##.!)##..'p.......#,#......
####...#..|#####.......##,#####.#
# *#..##)%|# ###.....##*,* #.#
#...#...# #......## #.# ##'#
#...#..[###.####'# #.# ##... #
##...#[.|##!.# #.# #.###....
####..⌠.')[.##.## #.# #.##.....
.....)..#####..# #.# #.##.....
.....####.....## #.# #.##.....


There were no monsters in sight!

Vanquished Creatures
  2 deep elf master archers (Elf:3)
  2 deep elf blademasters (Elf:3)
  Kirke (Elf:1)
  7 deep elf sorcerers (Elf:3)
  3 deep elf elementalists (Elf:3)
  5 deep elf demonologists (Elf:3)
  2 deep elf death magi (Elf:3)
  4 deep elf annihilators
  Snorg (Orc:2)
  An entropy weaver (shapeshifter) (Lair:5)
  3 deep elf high priests (Elf:3)
  A hydra (Lair:4)
  A demonspawn (Orc:2)
  A catoblepas (Lair:5)
  Erica (Orc:1)
  A two-headed ogre (Orc:1)
  3 dancing weapons (Elf:3)
  3 orc high priests (Orc:2)
  2 thrashing horrors (Lair:5)
  8 deep elf knights
  A skyshark (Lair:5)
  Nergalle (Orc:1)
  4 deep elf zephyrmancers
  6 orc knights
  2 deep elf archers
  11 deep elf pyromancers
  8 orc sorcerers
  2 black mambas
  5 cane toads
  4 rime drakes
  A nameless horror (Lair:5)
  3 komodo dragons
  3 trolls
  A raiju (shapeshifter) (Lair:5)
  7 blink frogs
  Prince Ribbit (D:9)
  2 shadows (D:10)
  3 wyverns
  A wraith (D:9)
  A spriggan (Lair:5)
  4 small abominations (Lair:5)
  A ynoxinul (Orc:2)
  A vampire (D:11)
  A warg (Orc:1)
  21 yaks
  4 basilisks
  2 steam dragons
  A fire elemental (Elf:2)
  4 water moccasins
  3 acid dragons
  2 black bears
  A water moccasin (shapeshifter) (Lair:5)
  A sky beast (D:6)
  3 ice beasts
  30 orc warriors
  5 ogres
  7 wolves
  A centaur (D:8)
  4 kobold brigands
  A brain worm (Sewer)
  6 bullfrogs
  5 scorpions
  8 wights
  A killer bee (D:9)
  8 howler monkeys
  An electric eel (Orc:2)
  24 orc priests
  A bombardier beetle (D:5)
  4 jellies
  2 gnoll boudas
  A hound (D:4)
  A sleepcap (D:5)
  14 orc wizards
  30 gnolls
  10 adders
  3 river rats (Sewer)
  A shadow imp (D:5)
  2 white imps
  2 ufetubi (D:7)
  4 dart slugs
  65 orcs
  3 endoplasms
  4 giant cockroaches
  8 goblins
  5 hobgoblins
  9 jackals
  A quokka (Sewer)
  10 ball pythons
  10 bats
  7 frilled lizards
  21 kobolds
  4 rats
  A snaplasher vine (Elf:3)
492 creatures vanquished.

Vanquished Creatures (collateral kills)
  A deep elf sorcerer (Elf:3)
  A deep elf demonologist (Elf:3)
  2 deep elf annihilators
  A deep elf high priest (Elf:3)
  3 hydras
  A boulder beetle (Lair:4)
  9 dancing weapons
  A skyshark (Lair:4)
  A deep elf knight (Elf:1)
  4 deep elf archers
  11 deep elf pyromancers
  4 deep elf zephyrmancers
  An orc sorcerer (Orc:2)
  3 ugly things (Lair:5)
  A large abomination (Lair:5)
  2 smoke demons (Lair:5)
  2 black mambas (Lair:4)
  A cane toad (Lair:1)
  A rime drake (Lair:4)
  3 komodo dragons
  A wind drake (Lair:2)
  A raiju (Lair:5)
  3 polar bears
  2 blink frogs (Lair:4)
  A ynoxinul (Lair:5)
  A nameless horror (Elf:1)
  A water elemental (Elf:3)
  4 basilisks
  2 wyverns (Lair:3)
  7 yaks (Lair:4)
  A neqoxec (Orc:2)
  3 hogs (Elf:1)
  4 water moccasins
  3 orc warriors
  4 small abominations (Lair:5)
  A wolf (Lair:5)
  2 bullfrogs
  4 orc priests (Orc:2)
  6 orcs
  A snaplasher vine (Elf:3)
105 creatures vanquished.

Vanquished Creatures (others)
  A deep elf knight (Elf:3)
  6 snaplasher vines
7 creatures vanquished.

Grand Total: 604 creatures vanquished

Notes
Turn   | Place    | Note
-------+----------+-------------------------------------------
     0 | D:1      | Flugslaktarn the Octopode Alchemist began the quest for the
                  | Orb.
     0 | D:1      | Reached XP level 1. HP: 11/11 MP: 3/3
   110 | D:2      | Reached XP level 2. HP: 7/17 MP: 3/5
   417 | D:3      | Found a glowing drain.
   423 | D:3      | Reached XP level 3. HP: 21/21 MP: 4/6
   447 | Sewer    | Entered a sewer
   669 | Sewer    | Reached XP level 4. HP: 20/27 MP: 2/8
   842 | Sewer    | Learned a level 4 spell: Olgreb's Toxic Radiance
   924 | Sewer    | Reached skill level 5 in Alchemy
   925 | Sewer    | Reached skill level 3 in Spellcasting
   933 | Sewer    | Noticed a brain worm
   940 | Sewer    | Killed a brain worm
   941 | Sewer    | Reached XP level 5. HP: 29/31 MP: 6/9
   966 | Sewer    | Learned a level 4 spell: Sticky Flame
  1121 | D:3      | Identified the +4 dagger "Mirosse" {spect, rC- Int+3}
  1161 | D:3      | You fall into a shaft and drop 3 floors!
  1195 | D:6      | Found a staircase to the Ecumenical Temple.
  1214 | D:6      | Noticed an orc warrior
  1252 | D:6      | Found a hide-covered altar of Uskayaw.
  1256 | D:6      | Found a shimmering blue altar of Sif Muna.
  1262 | D:6      | Found a stormy altar of Qazlal.
  1262 | D:6      | Found a sacrificial altar of Ru.
  1268 | D:6      | Found a white marble altar of Elyvilon.
  1302 | Temple   | Entered the Ecumenical Temple
  1324 | Temple   | Became a worshipper of Ashenzari the Shackled
  1353 | D:5      | Entered Level 5 of the Dungeon
  1372 | D:5      | Reached XP level 6. HP: 21/36 MP: 6/11
  1382 | D:4      | Found a shimmering altar of Xom.
  1603 | D:4      | Reached skill level 4 in Spellcasting
  1642 | D:4      | Reached XP level 7. HP: 41/41 MP: 3/13
  1697 | D:3      | Found a faded altar of an unknown god.
  2137 | D:5      | Reached skill level 5 in Spellcasting
  2137 | D:5      | Reached XP level 8. HP: 27/46 MP: 4/15
  2204 | D:5      | Reached * piety under Ashenzari
  2414 | D:6      | Reached skill level 1 in Evocations
  2856 | D:6      | Reached skill level 6 in Spellcasting
  2993 | D:7      | Reached XP level 9. HP: 44/51 MP: 18/18
  3036 | D:7      | Learned a level 5 spell: Irradiate
  3349 | D:8      | Found an opulent altar of Gozag.
  3349 | D:8      | Found a radiant altar of Vehumet.
  3447 | D:7      | Found Oqilir's Gadget Gallery.
  3467 | D:7      | Reached skill level 1 in Necromancy
  3599 | D:7      | Reached skill level 5 in Conjurations
  3712 | D:8      | Reached skill level 1 in Shapeshifting
  3722 | D:8      | Reached skill level 7 in Spellcasting
  3750 | D:8      | Reached skill level 1 in Fighting
  3833 | D:9      | Found a transporter.
  3838 | D:9      | Found Pickergh's Weapon Boutique.
  3838 | D:9      | Noticed Prince Ribbit
  3847 | D:9      | Killed Prince Ribbit
  3849 | D:9      | Reached XP level 10. HP: 56/60 MP: 4/20
  3925 | D:9      | Noticed Joseph
  3994 | D:9      | Identified the +2 robe of Forking Paths {rF+}
  4001 | D:9      | Found Yfahuuwn's Assorted Antiques.
  4013 | D:9      | Bought a scroll labelled MUHIMUENIS for 28 gold pieces
  4013 | D:9      | Bought a scroll labelled RERECE LASSA for 28 gold pieces
  4155 | D:9      | Found Kilad's Magic Scroll Shoppe.
  4203 | D:10     | Entered Level 10 of the Dungeon
  4209 | D:10     | Found a staircase to the Orcish Mines.
  4240 | Orc:1    | Entered Level 1 of the Orcish Mines
  4240 | Orc:1    | Noticed Nergalle
  4251 | D:10     | Reached ** piety under Ashenzari
  4323 | D:10     | Found a flagged portal.
  4328 | D:10     | Reached skill level 8 in Spellcasting
  4382 | Bailey   | Entered a bailey
  4767 | Bailey   | Noticed an orc knight
  4801 | Bailey   | Killed an orc knight
  4947 | Bailey   | Reached skill level 10 in Necromancy
  4947 | Bailey   | Reached XP level 11. HP: 71/71 MP: 16/24
  4955 | Bailey   | Learned a level 6 spell: Death Channel
  5247 | D:11     | Reached XP level 12. HP: 45/77 MP: 11/25
  5287 | Orc:1    | Killed Nergalle
  5288 | Orc:1    | Reached skill level 5 in Shapeshifting
  5366 | Orc:1    | Found Deurau's General Store.
  5444 | Orc:2    | Entered Level 2 of the Orcish Mines
  5658 | D:9      | Bought a scroll of acquirement for 728 gold pieces
  5695 | D:9      | Found a transporter.
  5829 | D:10     | Found a staircase to the Lair.
  5849 | D:10     | Identified the +4 quarterstaff of Zeciloid {freeze, Int+2}
  6032 | Orc:2    | Found Ikoilete's General Store.
  6063 | Orc:1    | Noticed Erica
  6063 | Orc:1    | Noticed Snorg
  6063 | Orc:1    | Noticed a two-headed ogre
  6137 | Orc:2    | Killed Snorg
  6144 | Orc:2    | Learned a level 5 spell: Borgnjor's Vile Clutch
  6206 | Orc:2    | Reached skill level 9 in Spellcasting
  6208 | Orc:2    | Found Hiafrut's Magic Scroll Emporium.
  6213 | Orc:2    | Found Gesch's Distillery.
  6219 | Orc:2    | Reached skill level 1 in Earth Magic
  6700 | Orc:2    | Found a staircase to the Elven Halls.
  6957 | Orc:2    | Reached skill level 5 in Fighting
  6967 | Orc:2    | Noticed a soul eater
  7190 | Orc:2    | Reached skill level 10 in Spellcasting
  7345 | Orc:2    | Noticed a soul eater
  7367 | Orc:2    | Reached XP level 13. HP: 86/86 MP: 3/29
  7452 | Orc:2    | Reached skill level 1 in Summonings
  7986 | Orc:2    | Found Usukhlom's Book Shop.
  7986 | Orc:2    | Found Uckufoh's Antique Armour Boutique.
  7987 | Orc:2    | Found a one-way gate leading to the halls of Pandemonium.
  7994 | Orc:2    | Reached skill level 5 in Summonings
  8004 | Orc:2    | Learned a level 5 spell: Summon Forest
  8134 | Orc:1    | Reached skill level 1 in Translocations
  8134 | Orc:1    | Killed Erica
  8145 | Orc:1    | Reached *** piety under Ashenzari
  8388 | Lair:1   | Entered Level 1 of the Lair of Beasts
  8878 | Lair:1   | Found a transporter.
  8882 | Lair:1   | Found a transporter.
  8897 | Lair:1   | Noticed Weusopre's ghost (novice DrCj)
  8959 | Lair:1   | Gained mutation: You are weak. (Str -2) [mutagenic glow]
  9124 | Lair:2   | Learned a level 4 spell: Ignite Poison
  9372 | Lair:4   | Reached skill level 10 in Summonings
  9413 | Lair:4   | Reached skill level 11 in Spellcasting
  9413 | Lair:4   | Reached XP level 14. HP: 63/94 MP: 20/31
  9455 | Lair:4   | Found a viscous altar of Jiyva.
  9455 | Lair:4   | Found a staircase to the Slime Pits.
  9489 | Lair:4   | Learned a level 3 spell: Ozocubu's Armour
  9544 | Lair:4   | Reached skill level 1 in Ice Magic
  9597 | Lair:5   | Entered Level 5 of the Lair of Beasts
  9801 | Lair:5   | HP: 3/94 [small abomination (20)]
  9826 | Lair:5   | Reached skill level 12 in Spellcasting
  9928 | Lair:5   | Learned a level 6 spell: Summon Cactus Giant
 10384 | Lair:5   | Found a corrupted altar of Lugonu.
 10384 | Lair:5   | Found a one-way gate to the infinite horrors of the Abyss.
 10406 | Lair:5   | Got an earthy gem with 1981 turns to spare
 10673 | Lair:2   | Found a staircase to the Shoals.
 10875 | Elf:1    | Entered Level 1 of the Elven Halls
 11124 | Elf:1    | Reached skill level 5 in Dodging
 11154 | Elf:1    | Reached **** piety under Ashenzari
 11212 | Elf:2    | Reached skill level 13 in Spellcasting
 11223 | Elf:2    | Reached XP level 15. HP: 96/105 MP: 35/35
 11223 | Elf:2    | Found a runed translucent gate.
 11224 | Elf:2    | Found a runed translucent gate.
 11224 | Elf:2    | Found a runed translucent gate.
 11884 | Elf:1    | Reached skill level 14 in Spellcasting
 11898 | Elf:1    | Identified the Octavo of Confrontation
 11943 | Elf:1    | Noticed Kirke
 11966 | Elf:1    | Killed Kirke
 12117 | Elf:3    | Entered Level 3 of the Elven Halls
 12312 | Elf:3    | Found Kithrac's Magic Scroll Shoppe.
 12313 | Elf:3    | Found Huam's Distillery.
 12313 | Elf:3    | Found Mikhluusm's Assorted Antiques.
 12316 | Elf:3    | Found Zomiat's Assorted Antiques.
 12334 | Elf:3    | Bought a scroll of teleportation for 51 gold pieces
 12334 | Elf:3    | Bought a scroll of teleportation for 51 gold pieces
 12357 | Elf:3    | Noticed a deep elf sorcerer
 12370 | Elf:3    | Killed a deep elf sorcerer
 12373 | Elf:3    | Noticed a deep elf sorcerer
 12376 | Elf:3    | Noticed a deep elf sorcerer
 12377 | Elf:3    | Killed a deep elf sorcerer
 12383 | Elf:3    | Killed a deep elf sorcerer
 12384 | Elf:3    | Reached skill level 15 in Spellcasting
 12398 | Elf:3    | Noticed a deep elf elementalist
 12404 | Elf:3    | Killed a deep elf elementalist
 12412 | Elf:3    | Noticed a deep elf sorcerer
 12418 | Elf:3    | Killed a deep elf sorcerer
 12458 | Elf:3    | Noticed a deep elf elementalist
 12470 | Elf:3    | Killed a deep elf elementalist
 12481 | Elf:3    | Reached skill level 16 in Spellcasting
 12482 | Elf:3    | Noticed a deep elf master archer
 12494 | Elf:3    | Killed a deep elf master archer
 12498 | Elf:3    | Noticed a deep elf blademaster
 12506 | Elf:3    | Killed a deep elf blademaster
 12514 | Elf:3    | Noticed a deep elf master archer
 12528 | Elf:3    | Noticed a deep elf sorcerer
 12534 | Elf:3    | Noticed a deep elf sorcerer
 12544 | Elf:3    | Killed a deep elf sorcerer
 12545 | Elf:3    | Reached XP level 16. HP: 91/111 MP: 13/39
 12546 | Elf:3    | Killed a deep elf master archer
 12551 | Elf:3    | Noticed a deep elf blademaster
 12555 | Elf:3    | Killed a deep elf blademaster
 12557 | Elf:3    | Reached skill level 17 in Spellcasting
 12597 | Elf:3    | Identified the +0 tower shield of Vafovial {Str+4}
 12601 | Elf:3    | Identified the Handbook of Blows
 12602 | Elf:3    | Identified the ring of Parocwaph {+Blink rPois rC+ Will++
                  | Str-4}
 12602 | Elf:3    | Identified the +5 spear of Arbitration {heavy, *Noise rElec
                  | rPois SInv}
 12607 | Elf:3    | Identified the +7 short sword of Destruction {drain, Str+4}
 12609 | Elf:3    | Identified the ring "Ucofur" {rPois EV+5 Str-3 Int+7 SInv}
 12611 | Elf:3    | Identified Ceadghura's Tome of Algor and Apparitions
 12611 | Elf:3    | Identified the staff "Wirai" {rPois Conj}
 12617 | Elf:3    | Identified the +0 quarterstaff "Dahiuvvo" {venom, *Noise
                  | Dex+2 Stlth+}
 12621 | Elf:3    | Identified the ring of Ephemeral Luck {Fly rPois rF++ Str-3
                  | Stlth+}
 12622 | Elf:3    | Identified the +8 short sword of Instant Death {flame,
                  | SInv}
 12644 | Elf:3    | Identified the Quarto of the Volley
 13166 | Elf:3    | Quit the game

Illustrated notes

Levels and vault maps discovered:
D:1:      evilmike_arrival_grusome_pit, layout_rooms
D:2:      layout_loops_ring, serial_aquarium, aquarium_bridge_square
          [aquarium_subvault_bridge, aquarium_subvault_wall,
          aquarium_subvault_bridge, aquarium_subvault_bridge],
          aquarium_window_1, aquarium_window_2, aquarium_window_1,
          aquarium_window_corner, aquarium_view_2c, aquarium_view_2e,
          uniq_terence
D:3:      layout_loops_ring, cheibrodos_sewer_entry_drain,
          dreamdust_ecumenical_altar_grove, minmay_gold_behind_fungi,
          minmay_misc_feat_hallway, minmay_misc_feat_x
D:4:      layout_rooms, xom_teletrap_fun, chei_slow_surprise, serial_park_tiny_2
D:5:      layout_basic, serial_shops, shop, kennysheep_small_circle
D:6:      layout_gridville, nicolae_overflow_hallway_of_the_gods,
          minmay_temple_entry_statues_fountains
D:7:      layout_basic, nicolae_shop_gadgets
D:8:      layout_loops_ring, chequers_temple_overflow_statue_of_worship
D:9:      gammafunk_cloud_chamber, layout_small_grid, serial_shops,
          nicolae_shop_advertising_works [nicolae_subvault_shop_adworks], shop,
          shop, serial_glass, glass_columns_a, glass_columns_a, uniq_joseph,
          uniq_prince_ribbit1
D:10:     layout_layer_cave, hellmonk_lair_entry_icy, david_orc_3,
          enter_bailey_4
D:11:     layout_small_grid, statue_in_the_mist_lemuel, kennysheep_cross_room
Temple:   nicolae_temple_figure_eight
Lair:1:   layout_misc_corridors, gammafunk_ghost_hive
Lair:2:   layout_loops_ring, minmay_shoals_entry_beasts,
          bobbens_dragon_lair_wall, grunt_megastairs_2
Lair:3:   layout_long_grid, nicolae_snake_entry_warm_welcome, lemuel_fruit_tree
Lair:4:   layout_hall_layers, dpeg_slime_entry_enclosed,
          infiniplex_staircase_pool, grunt_megastairs_3
Lair:5:   hellmonk_lair_end_abyssal_woods, layout_regular_city,
          serial_bayou_shore_b
Orc:1:    layout_caves, serial_shops, nicolae_shop_real_fake_doors, uniq_erica,
          uniq_snorg, uniq_nergalle
Orc:2:    pf_orc_diabolical, layout_diamond_mine, serial_shops,
          nicolae_square_shop, nicolae_orc_flooded_monolith
Elf:1:    elf_arrival_001, layout_geoelf_diagonals, minmay_elf_annihilation,
          uniq_kirke
Elf:2:    nicolae_elf_blades_crystal_corner, layout_loops_corners, special_room
          [special_room_orc], dk_noncrumbling_4, uniq_zenata
Elf:3:    minmay_elf_hall_curves, layout_gridlike, wad_floor_pattern_untrapped,
          minmay_shoptagon

Skill      XL: |  1  2  3  4  5  6  7  8  9 10 11 12 13 14 15 16 |
---------------+-------------------------------------------------+-----
Alchemy        | 4 5 6 7 8 |  8.2
Spellcasting   | 3 4 5 6 7 8 10 11 13 16 17 | 17.1
Fire Magic     | 2 3 |  3.5
Evocations     | 1 3 |  3.8
Conjurations   | 4 6 |  6.0
Necromancy     | 2 10 11 | 11.0
Shapeshifting  | 2 4 6 |  6.7
Fighting       | 1 3 5 7 |  7.0
Earth Magic    | 4 |  4.0
Summonings     | 10 11 | 11.6
Translocations | 1 |  1.8
Ice Magic      | 3 |  3.1
Dodging        | 5 |  5.5
Stealth        | |  2.6

Action                     |  1- 3 |  4- 6 |  7- 9 | 10-12 | 13-15 | 16-18 || total
---------------------------+-------+-------+-------+-------+-------+-------++-------
  Melee: Dagger            |    10 |    12 |   121 |   163 |   172 |       ||   478
         Constrict         |     7 |     9 |    37 |    39 |    37 |     4 ||   133
         Tentacles         |     5 |    13 |    30 |    57 |    74 |     8 ||   187
         Whip              |    20 |    25 |       |       |       |       ||    45
         Punch             |       |     1 |     1 |     2 |     6 |       ||    10
         Maw               |       |       |       |       |    47 |       ||    47
         Unarmed           |       |       |       |       |       |    18 ||    18
   Cast: Sting             |    36 |    34 |    29 |    10 |       |       ||   109
         Olgreb's Toxic Ra |       |     3 |    18 |    58 |    45 |     9 ||   133
         Sticky Flame      |       |       |    12 |     8 |    14 |     1 ||    35
         Irradiate         |       |       |     2 |    17 |    36 |     5 ||    60
         Death Channel     |       |       |       |     8 |    13 |     2 ||    23
         Borgnjor's Vile C |       |       |       |     5 |    28 |     4 ||    37
         Summon Forest     |       |       |       |       |    26 |     6 ||    32
         Ignite Poison     |       |       |       |       |    18 |     7 ||    25
         Summon Cactus Gia |       |       |       |       |    19 |     1 ||    20
         Ozocubu's Armour  |       |       |       |       |     1 |       ||     1
 Invoke: Curse Item        |       |       |     3 |     2 |     2 |     1 ||     8
         Shatter the Chain |       |       |       |       |       |     1 ||     1
  Evoke: Wand              |       |       |       |     4 |    10 |       ||    14
    Use: Scroll            |     3 |     5 |     5 |     2 |     4 |     1 ||    20
         Potion            |       |       |     1 |     3 |    17 |       ||    21
   Stab: Sleeping          |     3 |     1 |     3 |     6 |     2 |       ||    15
         Distracted        |       |       |     1 |     2 |     3 |       ||     6
 Armour: Skin              |     8 |    12 |    51 |    78 |   175 |    15 ||   339
  Dodge: Dodged            |    36 |    59 |   103 |   148 |   192 |    23 ||   561
   Form: Beast             |       |       |     1 |       |       |       ||     1
                           |       |       |       |     1 |       |       ||     1
         Maw               |       |       |       |       |     1 |     1 ||     2
         Flux              |       |       |       |       |       |     2 ||     2

Table legend: (Time is in decaauts)
 A = Elapsed time spent in this place.
 B = Non-inter-level travel time spent in this place.
 C = Inter-level travel time spent in this place.
 D = Time resting spent in this place.
 E = Time spent auto-exploring this place.
 F = Levels seen in this place.
 G = Mean time per level.
                   A        B        C        D        E       F      G
               +--------+--------+--------+--------+--------+-----+--------+
         Total |  13142 |  12303 |    839 |   2295 |    780 |  24 |  547.6 |
       Dungeon |   4570 |   4115 |    455 |    144 |     35 |  11 |  415.5 |
        Temple |     42 |     21 |     21 |      0 |      0 |   1 |   42.0 |
          Lair |   2149 |   2026 |    123 |    210 |     86 |   5 |  429.8 |
  Orcish Mines |   3460 |   3344 |    116 |   1559 |    549 |   2 | 1730.0 |
   Elven Halls |   1729 |   1606 |    123 |      0 |      0 |   3 |  576.3 |
         Sewer |    523 |    523 |      0 |     77 |     26 |   1 |  523.0 |
        Bailey |    665 |    665 |      0 |    305 |     84 |   1 |  665.0 |
               +--------+--------+--------+--------+--------+-----+--------+

Top non-repeatable levels by time:
   Orc:2: 2888 daAuts
  Lair:5: 887 daAuts
   Elf:1: 729 daAuts
   Elf:3: 693 daAuts
    D:10: 687 daAuts
  Bailey: 665 daAuts
     D:6: 655 daAuts
     D:7: 583 daAuts
   Orc:1: 572 daAuts
     D:5: 557 daAuts
     D:9: 540 daAuts
   Sewer: 523 daAuts
  Lair:1: 452 daAuts
     D:3: 377 daAuts
     D:8: 372 daAuts
